PITTSBURGH Penguins vs COLUMBUS Blue Jackets

Created - 26 février 2019 at 16:17

Goals
1 2 3 T
PITTSBURGH Penguins 2 0 2 4
COLUMBUS Blue Jackets 1 1 0 2
Shots
1 2 3 T
PITTSBURGH Penguins 8 9 18 35
COLUMBUS Blue Jackets 8 22 15 45

1st period

1. PITTSBURGH Penguins , Patrik Laine 25 (Evgeni Malkin 38, Jake Guentzel 22) at 3:53
2. PITTSBURGH Penguins , Marc Staal 7 (Nate Schmidt 27, Evgeni Malkin 39) at 5:53
3. COLUMBUS Blue Jackets , Alex Killorn 18 (Andre Burakovsky 15, Valtteri Filppula 26) at 17:05

Penalties :
Robert Bortuzzo (PIT) for Hooking (Minor) at 9:19, Andrew Cogliano (PIT) for Interference (Minor) at 17:26, Brian Boyle (PIT) for Holding (Minor) at 19:58

2nd period

4. COLUMBUS Blue Jackets , Olli Maatta 10 (Michael Frolik 20, Loui Eriksson 19) at 9:12

Penalties :
Brian Boyle (PIT) for High sticking (Minor) at 3:30, Robert Bortuzzo (PIT) for Interference (Minor) at 11:42

3rd period

5. PITTSBURGH Penguins , Dustin Brown 17 (Alexander Radulov 40, Bryan Little 28) at 0:24
6. PITTSBURGH Penguins , Patrik Laine 26 (Nate Schmidt 28, Alexander Radulov 41) at 5:28 (PP)

Penalties :
Richard Panik (CLB) for Tripping (Minor) at 4:00, Dmitry Kulikov (CLB) for Roughing (Minor) at 13:16, Valtteri Filppula (CLB) for Hooking (Minor) at 18:23

Goalie Stats

Devan Dubnyk (PIT), 43 saves from 45 shots - (0,956), W, 33-13-3, 60:00 minutes
Mike Smith (CLB), 31 saves from 35 shots - (0,886), L, 26-20-8, 60:00 minutes

Players Stats for PITTSBURGH Penguins

Player Name              G  A  P  +/- PIM S  H  SB GA TA FO     MP     PP MP  PK MP  
------------------------------------------------------------------------------------
Alexander Radulov        0  2  2   0  0   3  1  0  0  0  0/2    17:04   3:26   0:00 
Andrew Cogliano          0  0  0  -1  2   1  1  0  0  0  7/8    14:50   0:00   4:27 
Brian Boyle              0  0  0  -1  4   1  2  0  0  0  11/22  12:07   0:00   1:45 
Brooks Orpik             0  0  0   1  0   0  2  3  0  0  0/0    24:01   0:00   6:00 
Bryan Little             0  1  1   0  0   3  0  0  0  0  10/21  15:15   1:37   0:00 
Drew Stafford            0  0  0   0  0   2  0  0  0  0  1/1     5:54   0:00   0:00 
Dustin Brown             1  0  1   0  0   2  3  0  0  0  0/2    21:11   1:37   5:56 
Evgeni Malkin            0  2  2   2  0   7  0  0  0  0  11/26  18:39   3:26   0:07 
Jake Gardiner            0  0  0   1  0   0  0  3  0  0  0/0    22:15   3:26   0:48 
Jake Guentzel            0  1  1   2  0   2  1  0  0  0  1/1    15:06   0:00   0:00 
Johan Larsson            0  0  0   0  0   1  1  0  0  0  4/13    9:44   0:00   3:50 
Marc Staal               1  0  1   0  0   2  1  4  0  0  0/0    20:47   1:37   4:25 
Nate Schmidt             0  2  2   0  0   0  2  3  0  0  0/0    23:24   3:26   5:30 
Patrik Laine             2  0  2   2  0   6  2  1  0  0  0/1    18:32   3:26   0:00 
Robert Bortuzzo          0  0  0   0  4   2  0  2  0  0  0/0    14:35   0:00   2:21 
Tanner Pearson           0  0  0   0  0   0  0  0  0  0  0/0     9:39   0:00   3:45 
Thomas Chabot            0  0  0   0  0   0  0  2  0  0  0/0    14:56   1:37   0:46 
Zach Parise              0  0  0  -1  0   3  0  0  0  0  1/2    12:01   1:37   0:00 

Players Stats for COLUMBUS Blue Jackets

Player Name              G  A  P  +/- PIM S  H  SB GA TA FO     MP     PP MP  PK MP  
------------------------------------------------------------------------------------
Alex Killorn             1  0  1   0  0   6  2  0  0  0  0/0    19:55   5:08   1:16 
Alexander Wennberg       0  0  0   0  0   2  3  0  0  0  18/34  20:37   4:47   1:16 
Andre Burakovsky         0  1  1   0  0   3  2  0  0  0  1/3    17:56   4:25   0:00 
Artturi Lehkonen         0  0  0  -1  0   4  0  1  0  0  1/1    10:43   0:00   0:00 
Calvin de Haan           0  0  0  -2  0   1  1  3  0  0  0/0    25:29   4:58   2:44 
Casey Cizikas            0  0  0  -1  0   4  0  0  0  0  16/25  14:30   0:00   3:47 
Dmitry Kulikov           0  0  0   1  2   1  0  0  0  0  0/0    18:42   4:57   1:10 
Jan Rutta                0  0  0   0  0   0  3  3  0  0  0/0    21:52   4:58   2:15 
Joel Edmundson           0  0  0  -2  0   0  1  0  0  0  0/0    18:29   0:00   0:42 
Jori Lehtera             0  0  0   0  0   2  0  0  0  0  7/10    6:14   0:00   0:00 
Loui Eriksson            0  1  1   0  0   6  0  0  0  0  1/2    23:29   5:08   3:47 
Matt Benning             0  0  0   1  0   0  3  3  0  0  0/0    12:40   0:00   0:04 
Michael Frolik           0  1  1   0  0   2  1  0  0  0  0/1    19:21   4:47   0:00 
Olli Maatta              1  0  1   0  0   3  1  0  0  0  0/0    22:47   4:57   3:11 
Richard Panik            0  0  0  -1  2   4  2  0  0  0  0/0    10:42   0:00   0:00 
Trevor Lewis             0  0  0   0  0   1  0  0  0  0  0/0     6:36   0:22   0:00 
Valtteri Filppula        0  1  1   0  2   5  0  0  0  0  9/23   18:38   5:08   0:00 
Zemgus Girgensons        0  0  0   0  0   1  0  0  0  0  0/0     6:14   0:00   0:00 

3 Stars

1 - Patrik Laine (PIT)
2 - Devan Dubnyk (PIT)
3 - Evgeni Malkin (PIT)

Power Play

PITTSBURGH Penguins - 1 on 3 Attempt(s) - 33,33%
COLUMBUS Blue Jackets - 0 on 5 Attempt(s) - 0,00%

Penalty Kill

PITTSBURGH Penguins - 5 on 5 Attempt(s) - 100,00% - Score 0 goal in Penalty Kill
COLUMBUS Blue Jackets - 2 on 3 Attempt(s) - 66,67% - Score 0 goal in Penalty Kill

Team Stat

PITTSBURGH Penguins - Hits : 16 - Faceoff Wins : 46 - Blocked Shots : 18 - Penalty Minutes : 10
COLUMBUS Blue Jackets - Hits : 19 - Faceoff Wins : 53 - Blocked Shots : 10 - Penalty Minutes : 6

Official

Referees : Unknown
Linesman : Unknown

Game Notes

No Game Note

Finance

Level 1 -- Attendance: 5000 (82,64%) -- Ticket Income 495 000 $
Level 2 -- Attendance: 4290 (84,95%) -- Ticket Income 253 110 $
Level 3 -- Attendance: 2075 (100,00%) -- Ticket Income 76 775 $
Level 4 -- Attendance: 4103 (100,00%) -- Ticket Income 61 545 $
Luxury Box -- Attendance: 814 (80,83%) -- Ticket Income 169 312 $
Game was played at the Nationwide Arena.
Total Attendance: 16282 (89,05%)
Total Ticket Income: 1 055 742 $
Other Income: 411 739 $
Total Income: 1 467 481 $

PITTSBURGH Penguins

5 vs 5 Forward 
   Center                   Left Wing                Right Wing               Time % Phy DF OF 
 1 Evgeni Malkin            Jake Guentzel            Patrik Laine             33     1   2  2  
 2 Bryan Little             Dustin Brown             Alexander Radulov        30     1   2  2  
 3 Brian Boyle              Zach Parise              Andrew Cogliano          24     1   2  2  
 4 Johan Larsson            Tanner Pearson           Drew Stafford            13     1   2  2  

5 vs 5 Defense 
   Defense                  Defense                                           Time % Phy DF OF 
 1 Brooks Orpik             Jake Gardiner                                     40     1   2  2  
 2 Marc Staal               Nate Schmidt                                      30     1   2  2  
 3 Robert Bortuzzo          Thomas Chabot                                     20     1   2  2  
 4 Brooks Orpik             Jake Gardiner                                     10     1   2  2  

PowerPlay Forward 
   Center                   Left Wing                Right Wing               Time % Phy DF OF 
 1 Evgeni Malkin            Patrik Laine             Alexander Radulov        60     1   2  2  
 2 Bryan Little             Zach Parise              Dustin Brown             40     1   2  2  

PowerPlay Defense
   Defense                  Defense                                           Time % Phy DF OF 
 1 Nate Schmidt             Jake Gardiner                                     60     1   2  2  
 2 Marc Staal               Thomas Chabot                                     40     1   2  2  

Penalty Kill 4 Players Forward 
   Center                   Wing                     Time % Phy DF OF 
 1 Andrew Cogliano          Dustin Brown             60     1   2  2  
 2 Brian Boyle              Tanner Pearson           40     1   2  2  

Penalty Kill 4 Players Defense
   Defense                  Defense                  Time % Phy DF OF 
 1 Brooks Orpik             Nate Schmidt             60     1   2  2  
 2 Marc Staal               Robert Bortuzzo          40     1   2  2  

Penalty Kill - 3 Players Forward 
   Forward                                           Time % Phy DF OF 
 1 Brian Boyle                                       60     1   2  2  
 2 Bryan Little                                      40     1   2  2  

Penalty Kill - 3 Players Defense
   Defense                  Defense                  Time % Phy DF OF 
 1 Brooks Orpik             Nate Schmidt             60     1   2  2  
 2 Marc Staal               Robert Bortuzzo          40     1   2  2  

4 vs 4 Forward 
   Center                   Wing                     Time % Phy DF OF 
 1 Evgeni Malkin            Patrik Laine             60     1   2  2  
 2 Andrew Cogliano          Alexander Radulov        40     1   2  2  

4 vs 4 Defense
   Defense                  Defense                  Time % Phy DF OF 
 1 Brooks Orpik             Jake Gardiner            60     1   2  2  
 2 Marc Staal               Nate Schmidt             40     1   2  2  

Last Minutes Offensive
   Center                   Left Wing                Right Wing               Defense                  Defense                  
   Evgeni Malkin            Patrik Laine             Dustin Brown             Brooks Orpik             Jake Gardiner            

Last Minutes Defensive
   Center                   Left Wing                Right Wing               Defense                  Defense                  
   Evgeni Malkin            Zach Parise              Dustin Brown             Brooks Orpik             Jake Gardiner            

Goaltenders
Starting : Devan Dubnyk             
Backup : Ondrej Pavelec           

Extra Forwards
Normal : Jake Guentzel, Tanner Pearson, Brian Boyle - PP : Jake Guentzel, Tanner Pearson - PK : Brian Boyle
Extra Defensemen
Normal : Robert Bortuzzo, Thomas Chabot, Marc Staal - PP : Robert Bortuzzo - PK : Thomas Chabot, Marc Staal
Penalty Shots
Evgeni Malkin, Patrik Laine, Dustin Brown, Alexander Radulov, Bryan Little

COLUMBUS Blue Jackets

5 vs 5 Forward 
   Center                   Left Wing                Right Wing               Time % Phy DF OF 
 1 Alexander Wennberg       Loui Eriksson            Michael Frolik           34     0   1  4  
 2 Valtteri Filppula        Andre Burakovsky         Alex Killorn             31     0   2  3  
 3 Casey Cizikas            Artturi Lehkonen         Richard Panik            22     0   3  2  
 4 Jori Lehtera             Zemgus Girgensons        Trevor Lewis             13     1   2  2  

5 vs 5 Defense 
   Defense                  Defense                                           Time % Phy DF OF 
 1 Calvin de Haan           Joel Edmundson                                    40     0   2  3  
 2 Olli Maatta              Jan Rutta                                         30     0   4  1  
 3 Dmitry Kulikov           Matt Benning                                      20     0   4  1  
 4 Calvin de Haan           Joel Edmundson                                    10     0   4  1  

PowerPlay Forward 
   Center                   Left Wing                Right Wing               Time % Phy DF OF 
 1 Alexander Wennberg       Andre Burakovsky         Michael Frolik           60     1   1  3  
 2 Valtteri Filppula        Loui Eriksson            Alex Killorn             40     1   1  3  

PowerPlay Defense
   Defense                  Defense                                           Time % Phy DF OF 
 1 Jan Rutta                Calvin de Haan                                    60     1   1  3  
 2 Olli Maatta              Dmitry Kulikov                                    40     1   1  3  

Penalty Kill 4 Players Forward 
   Center                   Wing                     Time % Phy DF OF 
 1 Casey Cizikas            Loui Eriksson            60     0   4  1  
 2 Alexander Wennberg       Alex Killorn             40     0   4  1  

Penalty Kill 4 Players Defense
   Defense                  Defense                  Time % Phy DF OF 
 1 Olli Maatta              Calvin de Haan           60     2   3  0  
 2 Jan Rutta                Dmitry Kulikov           40     2   3  0  

Penalty Kill - 3 Players Forward 
   Forward                                           Time % Phy DF OF 
 1 Casey Cizikas                                     60     0   5  0  
 2 Loui Eriksson                                     40     0   5  0  

Penalty Kill - 3 Players Defense
   Defense                  Defense                  Time % Phy DF OF 
 1 Calvin de Haan           Joel Edmundson           60     1   4  0  
 2 Dmitry Kulikov           Olli Maatta              40     1   4  0  

4 vs 4 Forward 
   Center                   Wing                     Time % Phy DF OF 
 1 Alexander Wennberg       Michael Frolik           60     0   3  2  
 2 Casey Cizikas            Alex Killorn             40     0   3  2  

4 vs 4 Defense
   Defense                  Defense                  Time % Phy DF OF 
 1 Dmitry Kulikov           Olli Maatta              60     0   3  2  
 2 Jan Rutta                Calvin de Haan           40     0   3  2  

Last Minutes Offensive
   Center                   Left Wing                Right Wing               Defense                  Defense                  
   Alexander Wennberg       Andre Burakovsky         Richard Panik            Jan Rutta                Joel Edmundson           

Last Minutes Defensive
   Center                   Left Wing                Right Wing               Defense                  Defense                  
   Alexander Wennberg       Loui Eriksson            Casey Cizikas            Calvin de Haan           Joel Edmundson           

Goaltenders
Starting : Mike Smith               
Backup : Jonathan Bernier         

Extra Forwards
Normal : Trevor Lewis, Artturi Lehkonen, Zemgus Girgensons - PP : Trevor Lewis, Artturi Lehkonen - PK : Alex Killorn
Extra Defensemen
Normal : Dmitry Kulikov, Matt Benning, Olli Maatta - PP : Dmitry Kulikov - PK : Dmitry Kulikov, Olli Maatta
Penalty Shots
Andre Burakovsky, Artturi Lehkonen, Loui Eriksson, Alex Killorn, Trevor Lewis


% Time on Ice - PITTSBURGH Penguins

Lines # - Real PCT - Wanted PCT - Time Play
Normal Forward
1 - 34% - 33% - 15:06
2 - 30% - 30% - 13:38
3 - 23% - 24% - 10:24
4 - 13% - 13% - 5:54
Normal Defense
1 - 38% - 40% - 17:10
2 - 32% - 30% - 14:28
3 - 28% - 20% - 12:33
4 - 2% - 10% - 0:51
PP Forward
1 - 68% - 60% - 3:26
2 - 32% - 40% - 1:37
PP Defense
1 - 68% - 60% - 3:26
2 - 32% - 40% - 1:37
PK Forward
1 - 74% - 60% - 7:23
2 - 26% - 40% - 2:32
PK Defense
1 - 55% - 60% - 5:30
2 - 45% - 40% - 4:25
PK3 Forward
1 - 0% - 60%
2 - 0% - 40%
PK3 Defense
1 - 0% - 60%
2 - 0% - 40%
44 Forward
1 - 0% - 60%
2 - 0% - 40%
44 Defense
1 - 0% - 60%
2 - 0% - 40%
Last Minute Offensive  - 0:00
Last Minute Defensive  - 0:00
Total
Forward - 60:00
Defense - 60:00

% Time on Ice - COLUMBUS Blue Jackets

Lines # - Real PCT - Wanted PCT - Time Play
Normal Forward
1 - 32% - 34% - 14:34
2 - 30% - 31% - 13:31
3 - 24% - 22% - 10:43
4 - 14% - 13% - 6:14
Normal Defense
1 - 37% - 40% - 16:47
2 - 33% - 30% - 14:39
3 - 28% - 20% - 12:36
4 - 2% - 10% - 1:00
PP Forward
1 - 48% - 60% - 4:47
2 - 52% - 40% - 5:08
PP Defense
1 - 50% - 60% - 4:58
2 - 50% - 40% - 4:57
PK Forward
1 - 75% - 60% - 3:47
2 - 25% - 40% - 1:16
PK Defense
1 - 54% - 60% - 2:44
2 - 46% - 40% - 2:19
PK3 Forward
1 - 0% - 60%
2 - 0% - 40%
PK3 Defense
1 - 0% - 60%
2 - 0% - 40%
44 Forward
1 - 0% - 60%
2 - 0% - 40%
44 Defense
1 - 0% - 60%
2 - 0% - 40%
Last Minute Offensive  - 0:00
Last Minute Defensive  - 0:00
Total
Forward - 60:00
Defense - 60:00

Play-by-Play

1st period


0:01 of 1st period - Alexander Wennberg wins face-off versus Evgeni Malkin in neutral zone.
0:22 of 1st period - Shot by Patrik Laine.
0:22 of 1st period - Shot Misses the Net.
0:39 of 1st period - Shot by Jake Guentzel.
0:39 of 1st period - Stopped by Mike Smith without a rebound.
0:40 of 1st period - Bryan Little wins face-off versus Valtteri Filppula in COLUMBUS Blue Jackets zone.
0:53 of 1st period - Andre Burakovsky is hit by Nate Schmidt and loses puck.
1:02 of 1st period - Shot by Alex Killorn.
1:02 of 1st period - Stopped by Devan Dubnyk with a rebound.
1:51 of 1st period - Brian Boyle is hit by Olli Maatta and loses puck.
2:33 of 1st period - Shot by Artturi Lehkonen.
2:33 of 1st period - Shot Misses the Net.
2:55 of 1st period - Shot by Artturi Lehkonen.
2:55 of 1st period - Deflect By Casey Cizikas.
2:55 of 1st period - Shot Misses the Net.
3:51 of 1st period - Shot by Evgeni Malkin.
3:51 of 1st period - Stopped by Mike Smith with a rebound.
3:53 of 1st period - Shot by Patrik Laine.
3:53 of 1st period - Goal by Patrik Laine - PITTSBURGH Penguins : 1 - COLUMBUS Blue Jackets : 0.
3:54 of 1st period - Jori Lehtera wins face-off versus Bryan Little in neutral zone.
3:54 of 1st period - Trevor Lewis is hit by Dustin Brown and loses puck.
4:03 of 1st period - Matt Benning is hit by Alexander Radulov and loses puck.
5:03 of 1st period - Shot by Evgeni Malkin.
5:03 of 1st period - Stopped by Mike Smith without a rebound.
5:04 of 1st period - Alexander Wennberg wins face-off versus Brian Boyle in COLUMBUS Blue Jackets zone.
5:10 of 1st period - Icing by Joel Edmundson.
5:11 of 1st period - Brian Boyle wins face-off versus Alexander Wennberg in COLUMBUS Blue Jackets zone.
5:11 of 1st period - Zach Parise is hit by Joel Edmundson and loses puck.
5:31 of 1st period - Shot by Zach Parise.
5:31 of 1st period - Deflect By Brian Boyle.
5:31 of 1st period - Shot Misses the Net.
5:36 of 1st period - Off-side.
5:37 of 1st period - Evgeni Malkin wins face-off versus Casey Cizikas in neutral zone.
5:47 of 1st period - Shot by Jake Guentzel.
5:47 of 1st period - Shot Misses the Net.
5:49 of 1st period - Shot by Evgeni Malkin.
5:49 of 1st period - Shot Misses the Net.
5:51 of 1st period - Shot by Nate Schmidt.
5:51 of 1st period - Shot Misses the Net.
5:53 of 1st period - Shot by Marc Staal.
5:53 of 1st period - Goal by Marc Staal - PITTSBURGH Penguins : 2 - COLUMBUS Blue Jackets : 0.
5:54 of 1st period - Alexander Wennberg wins face-off versus Dustin Brown in neutral zone.
6:13 of 1st period - Icing by Jake Gardiner.
6:14 of 1st period - Bryan Little wins face-off versus Casey Cizikas in PITTSBURGH Penguins zone.
7:31 of 1st period - Icing by Marc Staal.
7:32 of 1st period - Evgeni Malkin wins face-off versus Alexander Wennberg in PITTSBURGH Penguins zone.
8:01 of 1st period - Off-side.
8:02 of 1st period - Andrew Cogliano wins face-off versus Valtteri Filppula in neutral zone.
8:12 of 1st period - Zach Parise is hit by Calvin de Haan and loses puck.
9:04 of 1st period - Shot by Loui Eriksson.
9:04 of 1st period - Shot Blocked by Robert Bortuzzo.
9:18 of 1st period - Shot by Alexander Wennberg.
9:18 of 1st period - Shot Blocked by Thomas Chabot.
9:19 of 1st period - Minor Penalty to Robert Bortuzzo for Hooking.
9:20 of 1st period - Johan Larsson wins face-off versus Alexander Wennberg in PITTSBURGH Penguins zone.
9:54 of 1st period - Icing by Alexander Wennberg.
9:55 of 1st period - Alexander Wennberg wins face-off versus Johan Larsson in COLUMBUS Blue Jackets zone.
11:27 of 1st period - Off-side.
11:28 of 1st period - Evgeni Malkin wins face-off versus Casey Cizikas in neutral zone.
11:33 of 1st period - Shot by Patrik Laine.
11:33 of 1st period - Stopped by Mike Smith without a rebound.
11:34 of 1st period - Evgeni Malkin wins face-off versus Jori Lehtera in COLUMBUS Blue Jackets zone.
12:03 of 1st period - Shot by Zemgus Girgensons.
12:03 of 1st period - Shot Blocked by Brooks Orpik.
12:05 of 1st period - Shot by Jori Lehtera.
12:05 of 1st period - Deflect By Trevor Lewis.
12:05 of 1st period - Shot Blocked by Jake Gardiner.
12:11 of 1st period - Shot by Jori Lehtera.
12:11 of 1st period - Stopped by Devan Dubnyk without a rebound.
12:12 of 1st period - Valtteri Filppula wins face-off versus Bryan Little in PITTSBURGH Penguins zone.
12:37 of 1st period - Shot by Bryan Little.
12:37 of 1st period - Stopped by Mike Smith without a rebound.
12:38 of 1st period - Alexander Wennberg wins face-off versus Johan Larsson in COLUMBUS Blue Jackets zone.
13:01 of 1st period - Shot by Tanner Pearson.
13:01 of 1st period - Shot Blocked by Jan Rutta.
13:03 of 1st period - Shot by Johan Larsson.
13:03 of 1st period - Stopped by Mike Smith without a rebound.
13:04 of 1st period - Casey Cizikas wins face-off versus Bryan Little in COLUMBUS Blue Jackets zone.
13:13 of 1st period - Shot by Artturi Lehkonen.
13:13 of 1st period - Stopped by Devan Dubnyk without a rebound.
13:14 of 1st period - Evgeni Malkin wins face-off versus Valtteri Filppula in PITTSBURGH Penguins zone.
13:37 of 1st period - Icing by Jake Guentzel.
13:38 of 1st period - Alexander Wennberg wins face-off versus Evgeni Malkin in PITTSBURGH Penguins zone.
13:53 of 1st period - Shot by Alexander Wennberg.
13:53 of 1st period - Shot Blocked by Jake Gardiner.
15:03 of 1st period - Shot by Casey Cizikas.
15:03 of 1st period - Stopped by Devan Dubnyk without a rebound.
15:04 of 1st period - Bryan Little wins face-off versus Valtteri Filppula in PITTSBURGH Penguins zone.
15:42 of 1st period - Shot by Valtteri Filppula.
15:42 of 1st period - Stopped by Devan Dubnyk without a rebound.
15:43 of 1st period - Alexander Wennberg wins face-off versus Brian Boyle in PITTSBURGH Penguins zone.
15:52 of 1st period - Shot by Loui Eriksson.
15:52 of 1st period - Stopped by Devan Dubnyk without a rebound.
15:53 of 1st period - Drew Stafford wins face-off versus Casey Cizikas in PITTSBURGH Penguins zone.
16:04 of 1st period - Shot by Joel Edmundson.
16:04 of 1st period - Shot Blocked by Robert Bortuzzo.
16:32 of 1st period - Icing by Robert Bortuzzo.
16:33 of 1st period - Alexander Wennberg wins face-off versus Johan Larsson in PITTSBURGH Penguins zone.
16:36 of 1st period - Shot by Michael Frolik.
16:36 of 1st period - Deflect By Loui Eriksson.
16:36 of 1st period - Stopped by Devan Dubnyk with a rebound.
16:53 of 1st period - Jan Rutta is hit by Marc Staal and loses puck.
16:57 of 1st period - Icing by Nate Schmidt.
16:58 of 1st period - Bryan Little wins face-off versus Valtteri Filppula in PITTSBURGH Penguins zone.
17:03 of 1st period - Shot by Valtteri Filppula.
17:03 of 1st period - Deflect By Andre Burakovsky.
17:03 of 1st period - Shot Misses the Net.
17:05 of 1st period - Shot by Alex Killorn.
17:05 of 1st period - Goal by Alex Killorn - PITTSBURGH Penguins : 2 - COLUMBUS Blue Jackets : 1.
17:06 of 1st period - Valtteri Filppula wins face-off versus Brian Boyle in neutral zone.
17:26 of 1st period - Minor Penalty to Andrew Cogliano for Interference.
17:27 of 1st period - Brian Boyle wins face-off versus Alexander Wennberg in PITTSBURGH Penguins zone.
17:40 of 1st period - Marc Staal is hit by Andre Burakovsky and loses puck.
18:27 of 1st period - Icing by Calvin de Haan.
18:28 of 1st period - Johan Larsson wins face-off versus Valtteri Filppula in COLUMBUS Blue Jackets zone.
18:30 of 1st period - Dustin Brown is hit by Jan Rutta and loses puck.
19:39 of 1st period - Shot by Evgeni Malkin.
19:39 of 1st period - Deflect By Patrik Laine.
19:39 of 1st period - Shot Blocked by Matt Benning.
19:42 of 1st period - Icing by Matt Benning.
19:43 of 1st period - Jori Lehtera wins face-off versus Brian Boyle in COLUMBUS Blue Jackets zone.
19:45 of 1st period - Dmitry Kulikov is hit by Brian Boyle and loses puck.
19:49 of 1st period - Matt Benning is hit by Brian Boyle and loses puck.
19:58 of 1st period - Minor Penalty to Brian Boyle for Holding.
19:59 of 1st period - Alexander Wennberg wins face-off versus Andrew Cogliano in PITTSBURGH Penguins zone.
Goals for this period are 2 for PITTSBURGH Penguins vs 1 for COLUMBUS Blue Jackets.
Shots for this period are 8 for PITTSBURGH Penguins vs 8 for COLUMBUS Blue Jackets.

2nd period


0:01 of 2nd period - Andrew Cogliano wins face-off versus Andre Burakovsky in neutral zone.
0:06 of 2nd period - Icing by Jan Rutta.
0:07 of 2nd period - Andrew Cogliano wins face-off versus Alexander Wennberg in COLUMBUS Blue Jackets zone.
0:49 of 2nd period - Shot by Johan Larsson.
0:49 of 2nd period - Shot Blocked by Jan Rutta.
1:26 of 2nd period - Shot by Olli Maatta.
1:26 of 2nd period - Stopped by Devan Dubnyk without a rebound.
1:27 of 2nd period - Johan Larsson wins face-off versus Valtteri Filppula in PITTSBURGH Penguins zone.
2:02 of 2nd period - Shot by Evgeni Malkin.
2:02 of 2nd period - Shot Misses the Net.
2:06 of 2nd period - Shot by Evgeni Malkin.
2:06 of 2nd period - Deflect By Jake Guentzel.
2:06 of 2nd period - Shot Misses the Net.
2:08 of 2nd period - Shot by Evgeni Malkin.
2:08 of 2nd period - Stopped by Mike Smith with a rebound.
2:16 of 2nd period - Shot by Patrik Laine.
2:16 of 2nd period - Shot Misses the Net.
2:18 of 2nd period - Shot by Patrik Laine.
2:18 of 2nd period - Deflect By Evgeni Malkin.
2:18 of 2nd period - Stopped by Mike Smith without a rebound.
2:19 of 2nd period - Jori Lehtera wins face-off versus Johan Larsson in COLUMBUS Blue Jackets zone.
2:19 of 2nd period - Jori Lehtera is hit by Johan Larsson.
2:33 of 2nd period - Shot by Zemgus Girgensons.
2:33 of 2nd period - Shot Blocked by Marc Staal.
2:35 of 2nd period - Shot by Zemgus Girgensons.
2:35 of 2nd period - Stopped by Devan Dubnyk without a rebound.
2:36 of 2nd period - Casey Cizikas wins face-off versus Evgeni Malkin in PITTSBURGH Penguins zone.
2:41 of 2nd period - Shot by Casey Cizikas.
2:41 of 2nd period - Stopped by Devan Dubnyk without a rebound.
2:42 of 2nd period - Bryan Little wins face-off versus Alexander Wennberg in PITTSBURGH Penguins zone.
2:44 of 2nd period - Icing by Dustin Brown.
2:45 of 2nd period - Bryan Little wins face-off versus Alexander Wennberg in PITTSBURGH Penguins zone.
3:05 of 2nd period - Shot by Alexander Radulov.
3:05 of 2nd period - Deflect By Dustin Brown.
3:05 of 2nd period - Shot Misses the Net.
3:07 of 2nd period - Shot by Dustin Brown.
3:07 of 2nd period - Shot Misses the Net.
3:19 of 2nd period - Shot by Alexander Radulov.
3:19 of 2nd period - Stopped by Mike Smith with a rebound.
3:27 of 2nd period - Shot by Alexander Radulov.
3:27 of 2nd period - Stopped by Mike Smith without a rebound.
3:28 of 2nd period - Andrew Cogliano wins face-off versus Valtteri Filppula in COLUMBUS Blue Jackets zone.
3:30 of 2nd period - Minor Penalty to Brian Boyle for High sticking.
3:31 of 2nd period - Loui Eriksson wins face-off versus Johan Larsson in PITTSBURGH Penguins zone.
4:36 of 2nd period - Brooks Orpik is hit by Alexander Wennberg and loses puck.
4:43 of 2nd period - Shot by Alexander Wennberg.
4:43 of 2nd period - Shot Blocked by Nate Schmidt.
4:45 of 2nd period - Shot by Jan Rutta.
4:45 of 2nd period - Shot Blocked by Brooks Orpik.
4:47 of 2nd period - Shot by Michael Frolik.
4:47 of 2nd period - Shot Misses the Net.
4:49 of 2nd period - Shot by Jan Rutta.
4:49 of 2nd period - Shot Misses the Net.
4:51 of 2nd period - Shot by Alexander Wennberg.
4:51 of 2nd period - Shot Hit the Post.
5:17 of 2nd period - Shot by Valtteri Filppula.
5:17 of 2nd period - Shot Misses the Net.
5:44 of 2nd period - Shot by Casey Cizikas.
5:44 of 2nd period - Shot Misses the Net.
5:46 of 2nd period - Shot by Richard Panik.
5:46 of 2nd period - Stopped by Devan Dubnyk without a rebound.
5:47 of 2nd period - Jori Lehtera wins face-off versus Evgeni Malkin in PITTSBURGH Penguins zone.
5:51 of 2nd period - Zemgus Girgensons is hit by Brooks Orpik and loses puck.
6:08 of 2nd period - Shot by Jake Guentzel.
6:08 of 2nd period - Shot Blocked by Matt Benning.
6:50 of 2nd period - Shot by Richard Panik.
6:50 of 2nd period - Shot Blocked by Jake Gardiner.
7:13 of 2nd period - Icing by Jake Gardiner.
7:14 of 2nd period - Evgeni Malkin wins face-off versus Andre Burakovsky in PITTSBURGH Penguins zone.
7:14 of 2nd period - Evgeni Malkin is hit by Andre Burakovsky.
8:14 of 2nd period - Bryan Little is hit by Alex Killorn and loses puck.
8:23 of 2nd period - Shot by Bryan Little.
8:23 of 2nd period - Stopped by Mike Smith without a rebound.
8:24 of 2nd period - Alexander Wennberg wins face-off versus Brian Boyle in COLUMBUS Blue Jackets zone.
8:24 of 2nd period - Alexander Wennberg is hit by Andrew Cogliano.
8:38 of 2nd period - Shot by Loui Eriksson.
8:38 of 2nd period - Stopped by Devan Dubnyk without a rebound.
8:39 of 2nd period - Artturi Lehkonen wins face-off versus Johan Larsson in PITTSBURGH Penguins zone.
8:43 of 2nd period - Icing by Thomas Chabot.
8:44 of 2nd period - Johan Larsson wins face-off versus Alexander Wennberg in PITTSBURGH Penguins zone.
8:44 of 2nd period - Johan Larsson is hit by Alexander Wennberg.
8:49 of 2nd period - Tanner Pearson is hit by Jan Rutta and loses puck.
9:00 of 2nd period - Icing by Alexander Wennberg.
9:01 of 2nd period - Brian Boyle wins face-off versus Alexander Wennberg in COLUMBUS Blue Jackets zone.
9:01 of 2nd period - Andrew Cogliano is hit by Jan Rutta and loses puck.
9:08 of 2nd period - Shot by Alexander Wennberg.
9:08 of 2nd period - Shot Misses the Net.
9:10 of 2nd period - Shot by Loui Eriksson.
9:10 of 2nd period - Deflect By Michael Frolik.
9:10 of 2nd period - Shot Misses the Net.
9:12 of 2nd period - Shot by Olli Maatta.
9:12 of 2nd period - Goal by Olli Maatta - PITTSBURGH Penguins : 2 - COLUMBUS Blue Jackets : 2.
9:13 of 2nd period - Bryan Little wins face-off versus Valtteri Filppula in neutral zone.
9:18 of 2nd period - Shot by Alexander Radulov.
9:18 of 2nd period - Stopped by Mike Smith without a rebound.
9:19 of 2nd period - Bryan Little wins face-off versus Alexander Wennberg in COLUMBUS Blue Jackets zone.
9:20 of 2nd period - Shot by Alexander Radulov.
9:20 of 2nd period - Shot Misses the Net.
9:59 of 2nd period - Icing by Alexander Radulov.
10:00 of 2nd period - Valtteri Filppula wins face-off versus Bryan Little in PITTSBURGH Penguins zone.
10:07 of 2nd period - Shot by Jan Rutta.
10:07 of 2nd period - Deflect By Andre Burakovsky.
10:07 of 2nd period - Shot Hit the Post.
10:15 of 2nd period - Shot by Alex Killorn.
10:15 of 2nd period - Shot Blocked by Marc Staal.
10:32 of 2nd period - Off-side.
10:33 of 2nd period - Casey Cizikas wins face-off versus Brian Boyle in neutral zone.
10:46 of 2nd period - Shot by Artturi Lehkonen.
10:46 of 2nd period - Shot Misses the Net.
10:48 of 2nd period - Shot by Dmitry Kulikov.
10:48 of 2nd period - Deflect By Artturi Lehkonen.
10:48 of 2nd period - Stopped by Devan Dubnyk with a rebound.
11:10 of 2nd period - Shot by Richard Panik.
11:10 of 2nd period - Stopped by Devan Dubnyk with a rebound.
11:12 of 2nd period - Shot by Dmitry Kulikov.
11:12 of 2nd period - Shot Hit the Post.
11:14 of 2nd period - Shot by Dmitry Kulikov.
11:14 of 2nd period - Stopped by Devan Dubnyk without a rebound.
11:15 of 2nd period - Evgeni Malkin wins face-off versus Alexander Wennberg in PITTSBURGH Penguins zone.
11:42 of 2nd period - Minor Penalty to Robert Bortuzzo for Interference.
11:43 of 2nd period - Andrew Cogliano wins face-off versus Valtteri Filppula in PITTSBURGH Penguins zone.
12:00 of 2nd period - Shot by Valtteri Filppula.
12:00 of 2nd period - Stopped by Devan Dubnyk with a rebound.
12:08 of 2nd period - Shot by Jan Rutta.
12:08 of 2nd period - Shot Blocked by Thomas Chabot.
12:10 of 2nd period - Shot by Loui Eriksson.
12:10 of 2nd period - Stopped by Devan Dubnyk without a rebound.
12:11 of 2nd period - Brian Boyle wins face-off versus Alexander Wennberg in PITTSBURGH Penguins zone.
12:19 of 2nd period - Shot by Olli Maatta.
12:19 of 2nd period - Stopped by Devan Dubnyk without a rebound.
12:20 of 2nd period - Andrew Cogliano wins face-off versus Alexander Wennberg in PITTSBURGH Penguins zone.
12:37 of 2nd period - Shot by Michael Frolik.
12:37 of 2nd period - Shot Misses the Net.
12:51 of 2nd period - Shot by Andre Burakovsky.
12:51 of 2nd period - Stopped by Devan Dubnyk without a rebound.
12:52 of 2nd period - Andrew Cogliano wins face-off versus Valtteri Filppula in PITTSBURGH Penguins zone.
14:03 of 2nd period - Shot by Drew Stafford.
14:03 of 2nd period - Stopped by Mike Smith without a rebound.
14:04 of 2nd period - Jori Lehtera wins face-off versus Evgeni Malkin in COLUMBUS Blue Jackets zone.
14:04 of 2nd period - Jori Lehtera is hit by Jake Guentzel.
14:18 of 2nd period - Shot by Jori Lehtera.
14:18 of 2nd period - Stopped by Devan Dubnyk with a rebound.
15:23 of 2nd period - Shot by Casey Cizikas.
15:23 of 2nd period - Stopped by Devan Dubnyk without a rebound.
15:24 of 2nd period - Brian Boyle wins face-off versus Alexander Wennberg in PITTSBURGH Penguins zone.
15:35 of 2nd period - Shot by Andrew Cogliano.
15:35 of 2nd period - Deflect By Zach Parise.
15:35 of 2nd period - Shot Misses the Net.
15:37 of 2nd period - Shot by Brian Boyle.
15:37 of 2nd period - Stopped by Mike Smith with a rebound.
15:39 of 2nd period - Shot by Zach Parise.
15:39 of 2nd period - Shot Misses the Net.
15:41 of 2nd period - Shot by Robert Bortuzzo.
15:41 of 2nd period - Shot Misses the Net.
15:43 of 2nd period - Shot by Robert Bortuzzo.
15:43 of 2nd period - Stopped by Mike Smith without a rebound.
15:44 of 2nd period - Valtteri Filppula wins face-off versus Bryan Little in COLUMBUS Blue Jackets zone.
15:53 of 2nd period - Shot by Alex Killorn.
15:53 of 2nd period - Deflect By Andre Burakovsky.
15:53 of 2nd period - Stopped by Devan Dubnyk without a rebound.
15:54 of 2nd period - Alexander Wennberg wins face-off versus Zach Parise in PITTSBURGH Penguins zone.
15:55 of 2nd period - Shot by Michael Frolik.
15:55 of 2nd period - Stopped by Devan Dubnyk with a rebound.
16:58 of 2nd period - Shot by Valtteri Filppula.
16:58 of 2nd period - Stopped by Devan Dubnyk without a rebound.
16:59 of 2nd period - Casey Cizikas wins face-off versus Bryan Little in PITTSBURGH Penguins zone.
17:23 of 2nd period - Artturi Lehkonen is hit by Nate Schmidt and loses puck.
17:35 of 2nd period - Shot by Artturi Lehkonen.
17:35 of 2nd period - Shot Blocked by Marc Staal.
18:00 of 2nd period - Shot by Valtteri Filppula.
18:00 of 2nd period - Shot Blocked by Nate Schmidt.
18:02 of 2nd period - Shot by Joel Edmundson.
18:02 of 2nd period - Shot Misses the Net.
18:04 of 2nd period - Shot by Alex Killorn.
18:04 of 2nd period - Stopped by Devan Dubnyk without a rebound.
18:05 of 2nd period - Jake Guentzel wins face-off versus Alexander Wennberg in PITTSBURGH Penguins zone.
18:44 of 2nd period - Shot by Loui Eriksson.
18:44 of 2nd period - Stopped by Devan Dubnyk without a rebound.
18:45 of 2nd period - Brian Boyle wins face-off versus Valtteri Filppula in PITTSBURGH Penguins zone.
18:52 of 2nd period - Shot by Alex Killorn.
18:52 of 2nd period - Shot Misses the Net.
18:54 of 2nd period - Shot by Joel Edmundson.
18:54 of 2nd period - Shot Misses the Net.
18:56 of 2nd period - Shot by Alex Killorn.
18:56 of 2nd period - Stopped by Devan Dubnyk without a rebound.
18:57 of 2nd period - Jori Lehtera wins face-off versus Johan Larsson in PITTSBURGH Penguins zone.
19:00 of 2nd period - Shot by Trevor Lewis.
19:00 of 2nd period - Stopped by Devan Dubnyk with a rebound.
Goals for this period are 0 for PITTSBURGH Penguins vs 1 for COLUMBUS Blue Jackets.
Shots for this period are 9 for PITTSBURGH Penguins vs 22 for COLUMBUS Blue Jackets.

3rd period


0:01 of 3rd period - Bryan Little wins face-off versus Valtteri Filppula in neutral zone.
0:24 of 3rd period - Shot by Dustin Brown.
0:24 of 3rd period - Goal by Dustin Brown - PITTSBURGH Penguins : 3 - COLUMBUS Blue Jackets : 2.
0:25 of 3rd period - Brian Boyle wins face-off versus Michael Frolik in neutral zone.
0:27 of 3rd period - Zach Parise is hit by Michael Frolik and loses puck.
1:00 of 3rd period - Icing by Andrew Cogliano.
1:01 of 3rd period - Valtteri Filppula wins face-off versus Brian Boyle in PITTSBURGH Penguins zone.
1:06 of 3rd period - Shot by Alex Killorn.
1:06 of 3rd period - Shot Misses the Net.
1:08 of 3rd period - Shot by Alex Killorn.
1:08 of 3rd period - Shot Blocked by Nate Schmidt.
1:20 of 3rd period - Shot by Alex Killorn.
1:20 of 3rd period - Shot Blocked by Marc Staal.
1:30 of 3rd period - Shot by Valtteri Filppula.
1:30 of 3rd period - Stopped by Devan Dubnyk with a rebound.
1:32 of 3rd period - Shot by Alex Killorn.
1:32 of 3rd period - Stopped by Devan Dubnyk without a rebound.
1:33 of 3rd period - Casey Cizikas wins face-off versus Bryan Little in PITTSBURGH Penguins zone.
1:50 of 3rd period - Shot by Richard Panik.
1:50 of 3rd period - Stopped by Devan Dubnyk without a rebound.
1:51 of 3rd period - Alexander Wennberg wins face-off versus Evgeni Malkin in PITTSBURGH Penguins zone.
1:52 of 3rd period - Shot by Olli Maatta.
1:52 of 3rd period - Shot Blocked by Patrik Laine.
1:54 of 3rd period - Shot by Alexander Wennberg.
1:54 of 3rd period - Stopped by Devan Dubnyk without a rebound.
1:55 of 3rd period - Alexander Wennberg wins face-off versus Patrik Laine in PITTSBURGH Penguins zone.
2:12 of 3rd period - Shot by Evgeni Malkin.
2:12 of 3rd period - Shot Misses the Net.
3:29 of 3rd period - Shot by Valtteri Filppula.
3:29 of 3rd period - Shot Misses the Net.
3:31 of 3rd period - Shot by Jan Rutta.
3:31 of 3rd period - Deflect By Andre Burakovsky.
3:31 of 3rd period - Stopped by Devan Dubnyk without a rebound.
3:32 of 3rd period - Casey Cizikas wins face-off versus Brian Boyle in PITTSBURGH Penguins zone.
3:42 of 3rd period - Zach Parise is hit by Matt Benning and loses puck.
3:46 of 3rd period - Icing by Matt Benning.
3:47 of 3rd period - Casey Cizikas wins face-off versus Johan Larsson in COLUMBUS Blue Jackets zone.
3:56 of 3rd period - Brooks Orpik is hit by Richard Panik and loses puck.
4:00 of 3rd period - Minor Penalty to Richard Panik for Tripping.
4:01 of 3rd period - Casey Cizikas wins face-off versus Evgeni Malkin in COLUMBUS Blue Jackets zone.
4:07 of 3rd period - Icing by Evgeni Malkin.
4:08 of 3rd period - Casey Cizikas wins face-off versus Alexander Radulov in PITTSBURGH Penguins zone.
4:19 of 3rd period - Olli Maatta is hit by Patrik Laine and loses puck.
4:40 of 3rd period - Shot by Evgeni Malkin.
4:40 of 3rd period - Stopped by Mike Smith without a rebound.
4:41 of 3rd period - Casey Cizikas wins face-off versus Bryan Little in COLUMBUS Blue Jackets zone.
4:56 of 3rd period - Shot by Bryan Little.
4:56 of 3rd period - Stopped by Mike Smith without a rebound.
4:57 of 3rd period - Casey Cizikas wins face-off versus Evgeni Malkin in COLUMBUS Blue Jackets zone.
5:22 of 3rd period - Shot by Jake Gardiner.
5:22 of 3rd period - Shot Blocked by Calvin de Haan.
5:24 of 3rd period - Shot by Alexander Radulov.
5:24 of 3rd period - Shot Misses the Net.
5:26 of 3rd period - Shot by Nate Schmidt.
5:26 of 3rd period - Shot Blocked by Calvin de Haan.
5:28 of 3rd period - Shot by Patrik Laine.
5:28 of 3rd period - Goal by Patrik Laine - PITTSBURGH Penguins : 4 - COLUMBUS Blue Jackets : 2.
5:29 of 3rd period - Brian Boyle wins face-off versus Jori Lehtera in neutral zone.
5:40 of 3rd period - Shot by Andrew Cogliano.
5:40 of 3rd period - Stopped by Mike Smith without a rebound.
5:41 of 3rd period - Alexander Wennberg wins face-off versus Johan Larsson in COLUMBUS Blue Jackets zone.
5:46 of 3rd period - Jake Gardiner is hit by Alexander Wennberg and loses puck.
6:37 of 3rd period - Shot by Evgeni Malkin.
6:37 of 3rd period - Shot Misses the Net.
8:32 of 3rd period - Shot by Richard Panik.
8:32 of 3rd period - Stopped by Devan Dubnyk without a rebound.
8:33 of 3rd period - Brian Boyle wins face-off versus Jori Lehtera in PITTSBURGH Penguins zone.
8:46 of 3rd period - Shot by Zach Parise.
8:46 of 3rd period - Stopped by Mike Smith without a rebound.
8:47 of 3rd period - Casey Cizikas wins face-off versus Evgeni Malkin in COLUMBUS Blue Jackets zone.
8:56 of 3rd period - Shot by Artturi Lehkonen.
8:56 of 3rd period - Shot Hit the Post.
8:58 of 3rd period - Shot by Casey Cizikas.
8:58 of 3rd period - Stopped by Devan Dubnyk without a rebound.
8:59 of 3rd period - Valtteri Filppula wins face-off versus Brian Boyle in PITTSBURGH Penguins zone.
8:59 of 3rd period - Alex Killorn is hit by Brooks Orpik and loses puck.
9:08 of 3rd period - Shot by Andrew Cogliano.
9:08 of 3rd period - Deflect By Zach Parise.
9:08 of 3rd period - Shot Misses the Net.
9:32 of 3rd period - Shot by Zach Parise.
9:32 of 3rd period - Stopped by Mike Smith without a rebound.
9:33 of 3rd period - Casey Cizikas wins face-off versus Evgeni Malkin in COLUMBUS Blue Jackets zone.
9:40 of 3rd period - Shot by Artturi Lehkonen.
9:40 of 3rd period - Stopped by Devan Dubnyk with a rebound.
9:50 of 3rd period - Dmitry Kulikov is hit by Patrik Laine and loses puck.
10:03 of 3rd period - Shot by Evgeni Malkin.
10:03 of 3rd period - Shot Blocked by Artturi Lehkonen.
10:05 of 3rd period - Shot by Patrik Laine.
10:05 of 3rd period - Shot Blocked by Matt Benning.
10:07 of 3rd period - Shot by Evgeni Malkin.
10:07 of 3rd period - Stopped by Mike Smith without a rebound.
10:08 of 3rd period - Alexander Wennberg wins face-off versus Alexander Radulov in COLUMBUS Blue Jackets zone.
10:23 of 3rd period - Shot by Alexander Wennberg.
10:23 of 3rd period - Stopped by Devan Dubnyk without a rebound.
10:24 of 3rd period - Valtteri Filppula wins face-off versus Brian Boyle in PITTSBURGH Penguins zone.
11:24 of 3rd period - Icing by Jake Gardiner.
11:25 of 3rd period - Evgeni Malkin wins face-off versus Alexander Wennberg in PITTSBURGH Penguins zone.
11:34 of 3rd period - Shot by Evgeni Malkin.
11:34 of 3rd period - Stopped by Mike Smith without a rebound.
11:35 of 3rd period - Casey Cizikas wins face-off versus Bryan Little in COLUMBUS Blue Jackets zone.
11:59 of 3rd period - Icing by Dustin Brown.
12:00 of 3rd period - Alexander Wennberg wins face-off versus Dustin Brown in PITTSBURGH Penguins zone.
12:11 of 3rd period - Shot by Michael Frolik.
12:11 of 3rd period - Stopped by Devan Dubnyk without a rebound.
12:12 of 3rd period - Andre Burakovsky wins face-off versus Evgeni Malkin in PITTSBURGH Penguins zone.
12:44 of 3rd period - Shot by Evgeni Malkin.
12:44 of 3rd period - Shot Misses the Net.
12:48 of 3rd period - Shot by Jake Guentzel.
12:48 of 3rd period - Stopped by Mike Smith without a rebound.
12:49 of 3rd period - Alexander Wennberg wins face-off versus Bryan Little in COLUMBUS Blue Jackets zone.
12:49 of 3rd period - Alexander Wennberg is hit by Dustin Brown.
12:57 of 3rd period - Shot by Calvin de Haan.
12:57 of 3rd period - Shot Misses the Net.
13:01 of 3rd period - Shot by Michael Frolik.
13:01 of 3rd period - Deflect By Loui Eriksson.
13:01 of 3rd period - Stopped by Devan Dubnyk without a rebound.
13:02 of 3rd period - Brian Boyle wins face-off versus Casey Cizikas in PITTSBURGH Penguins zone.
13:04 of 3rd period - Andrew Cogliano is hit by Richard Panik and loses puck.
13:14 of 3rd period - Zach Parise is hit by Matt Benning and loses puck.
13:16 of 3rd period - Minor Penalty to Dmitry Kulikov for Roughing.
13:17 of 3rd period - Evgeni Malkin wins face-off versus Casey Cizikas in COLUMBUS Blue Jackets zone.
13:22 of 3rd period - Shot by Patrik Laine.
13:22 of 3rd period - Stopped by Mike Smith without a rebound.
13:23 of 3rd period - Evgeni Malkin wins face-off versus Loui Eriksson in COLUMBUS Blue Jackets zone.
13:24 of 3rd period - Shot by Patrik Laine.
13:24 of 3rd period - Stopped by Mike Smith without a rebound.
13:25 of 3rd period - Evgeni Malkin wins face-off versus Casey Cizikas in COLUMBUS Blue Jackets zone.
13:28 of 3rd period - Shot by Patrik Laine.
13:28 of 3rd period - Shot Blocked by Calvin de Haan.
14:45 of 3rd period - Shot by Marc Staal.
14:45 of 3rd period - Stopped by Mike Smith with a rebound.
14:47 of 3rd period - Shot by Dustin Brown.
14:47 of 3rd period - Shot Misses the Net.
15:22 of 3rd period - Shot by Jori Lehtera.
15:22 of 3rd period - Shot Misses the Net.
15:41 of 3rd period - Drew Stafford is hit by Matt Benning and loses puck.
15:46 of 3rd period - Shot by Tanner Pearson.
15:46 of 3rd period - Shot Misses the Net.
15:48 of 3rd period - Shot by Drew Stafford.
15:48 of 3rd period - Stopped by Mike Smith without a rebound.
15:49 of 3rd period - Valtteri Filppula wins face-off versus Evgeni Malkin in COLUMBUS Blue Jackets zone.
16:13 of 3rd period - Shot by Robert Bortuzzo.
16:13 of 3rd period - Stopped by Mike Smith without a rebound.
16:14 of 3rd period - Jori Lehtera wins face-off versus Brian Boyle in COLUMBUS Blue Jackets zone.
16:33 of 3rd period - Shot by Zach Parise.
16:33 of 3rd period - Stopped by Mike Smith without a rebound.
16:34 of 3rd period - Alexander Wennberg wins face-off versus Bryan Little in COLUMBUS Blue Jackets zone.
16:34 of 3rd period - Alexander Wennberg is hit by Dustin Brown.
16:56 of 3rd period - Shot by Alexander Wennberg.
16:56 of 3rd period - Shot Blocked by Brooks Orpik.
17:14 of 3rd period - Shot by Dustin Brown.
17:14 of 3rd period - Stopped by Mike Smith without a rebound.
17:15 of 3rd period - Valtteri Filppula wins face-off versus Evgeni Malkin in COLUMBUS Blue Jackets zone.
17:22 of 3rd period - Shot by Valtteri Filppula.
17:22 of 3rd period - Shot Misses the Net.
17:24 of 3rd period - Shot by Valtteri Filppula.
17:24 of 3rd period - Deflect By Alex Killorn.
17:24 of 3rd period - Shot Misses the Net.
17:28 of 3rd period - Shot by Valtteri Filppula.
17:28 of 3rd period - Stopped by Devan Dubnyk with a rebound.
17:30 of 3rd period - Shot by Calvin de Haan.
17:30 of 3rd period - Stopped by Devan Dubnyk with a rebound.
17:52 of 3rd period - Shot by Alex Killorn.
17:52 of 3rd period - Stopped by Devan Dubnyk without a rebound.
17:53 of 3rd period - Brian Boyle wins face-off versus Casey Cizikas in PITTSBURGH Penguins zone.
18:03 of 3rd period - Icing by Olli Maatta.
18:04 of 3rd period - Bryan Little wins face-off versus Casey Cizikas in COLUMBUS Blue Jackets zone.
18:11 of 3rd period - Shot by Bryan Little.
18:11 of 3rd period - Shot Misses the Net.
18:21 of 3rd period - Shot by Artturi Lehkonen.
18:21 of 3rd period - Stopped by Devan Dubnyk without a rebound.
18:22 of 3rd period - Zach Parise wins face-off versus Valtteri Filppula in PITTSBURGH Penguins zone.
18:22 of 3rd period - Zach Parise is hit by Alex Killorn.
18:23 of 3rd period - Minor Penalty to Valtteri Filppula for Hooking.
18:24 of 3rd period - Casey Cizikas wins face-off versus Evgeni Malkin in COLUMBUS Blue Jackets zone.
18:30 of 3rd period - Icing by Alexander Radulov.
18:31 of 3rd period - Casey Cizikas wins face-off versus Evgeni Malkin in PITTSBURGH Penguins zone.
18:42 of 3rd period - Shot by Evgeni Malkin.
18:42 of 3rd period - Deflect By Patrik Laine.
18:42 of 3rd period - Stopped by Mike Smith with a rebound.
18:44 of 3rd period - Shot by Patrik Laine.
18:44 of 3rd period - Shot Misses the Net.
19:06 of 3rd period - Shot by Alexander Radulov.
19:06 of 3rd period - Shot Blocked by Jan Rutta.
Goals for this period are 2 for PITTSBURGH Penguins vs 0 for COLUMBUS Blue Jackets.
Shots for this period are 18 for PITTSBURGH Penguins vs 15 for COLUMBUS Blue Jackets.